[Event "Late-Titled-Tuesday-Blitz-February-27-2024"]
[Site "Chess.com"]
[Date "2024.02.27"]
[Round "9"]
[White "AlexeiShirov"]
[Black "ukchessbomber"]
[Result "1-0"]
[WhiteElo "2847"]
[BlackElo "2643"]
[TimeControl "180+1"]
[EndTime "15:44:41 PST"]
[Termination "AlexeiShirov won by resignation"]

1. e4 b6 2. d4 Bb7 3. Bd3 d6 4. f4 Nd7 5. Nf3 e6 6. O-O g6 7. f5 exf5 8. exf5 Bg7 9. Bg5 Bf6 10. Re1+ Ne7 11. Bh6 Bxf3 12. Qxf3 Bxd4+ 13. Kh1 Be5 14. Nd2 Nxf5 15. Bxf5 gxf5 16. Nc4 Rg8 17. Rad1 Rg6 18. Bf4 Re6 19. Bxe5 dxe5 20. Nxe5 Rxe5 21. Rxe5+ Nxe5 22. Rxd8+ Rxd8 23. Qe2 f6 24. Qh5+ Ke7 25. Qxh7+ Ke6 26. h3 Rd1+ 27. Kh2 Rd2 28. Qxc7 f4 29. Kg1 Rd1+ 30. Kf2 Rd2+ 31. Kf1 Kf5 32. Qh7+ Kg5 33. h4+ Kg4 34. Qg7+ Kf5 35. h5 f3 36. gxf3 Nxf3 37. Qg6+ Kf4 38. Qxf6+ Kg3 39. Qg7+ Kh3 40. Qc3 Kg3 41.
Qxd2 Nxd2+ 42. Ke2 Ne4 43. Kd3 Nf6 44. h6 Kf4 45.
Kc4 Kg5 46. Kb5 Kxh6 47. Ka6 Kg5 48. Kxa7 Nd5 49. c4 Ne3 50. b3 Kf5 51. Kxb6 Ke6 52. a4 Kd7 53. Kb7 Nf5 54. a5 Nd6+ 55. Kb8 Kc6 56.
a6 Ne8 57. a7 Nc7 58. a8=Q+ 1-0

[Event "Late-Titled-Tuesday-Blitz-February-27-2024"]
[Site "Chess.com"]
[Date "2024.02.27"]
[Round "9"]
[White "sergiochess83"]
[Black "Ar4uha"]
[Result "1-0"]
[WhiteElo "2897"]
[BlackElo "2608"]
[TimeControl "180+1"]
[EndTime "15:44:48 PST"]
[Termination "sergiochess83 won by resignation"]

1. e4 d5 2. exd5 Nf6 3. Nf3 Nxd5 4. d4 g6 5. Bc4 Bg7 6. h3 O-O 7. O-O b6 8. Re1 Bb7 9. Bb3 Nd7 10. Bg5 N7f6 11.
Qd2 Re8 12. c4 Nb4 13. Qxb4 Bxf3 14. gxf3 Qxd4 15. Qd2 Qc5 16. Nc3 Rad8 17. Qe3 Qf5 18. Ba4 Rf8 19. Kg2 Rd3 20. Qf4 Qa5 21. Bxf6 Bxf6 22. Bc2 Rd4 23. Ne4 Bg7 24. Qxc7 e6 25. Bb3 Be5 26. Qe7 Bb8 27. Nf6+ Kg7 28. Nd7 Rxd7 29.
Qxd7 Qg5+ 30. Kf1 Qh4 31. Ke2 Qxh3 32. Qd4+ Kg8 33. Bc2 Qh5 34. Rh1 Qa5 35. Bb3 Be5 36.
Qd2 Qc5 37. Qh6 Rd8 38. Qxh7+ Kf8 39. Rad1 Bd4 40. Qh6+ Ke7 41. Qh4+ Bf6 42. Qe4 Bd4 43.
Rd3 Rd6 44. Rhd1 e5 45. f4 f5 46. Qg2 e4 47. Rxd4 Rxd4 48. Qg5+ Kf7 49. Rxd4 Qxd4 50. c5+ Kg7 51. Qe7+ Kh6 52. Qh4+ Kg7 53. Qe7+ Kh6 54. Qf8+ Kh5 55. Qh8+ Kg4 56. Qxd4 1-0

[Event "Late-Titled-Tuesday-Blitz-February-27-2024"]
[Site "Chess.com"]
[Date "2024.02.27"]
[Round "9"]
[White "bazar-wokzal"]
[Black "janhelmer03"]
[Result "1/2-1/2"]
[WhiteElo "2611"]
[BlackElo "2403"]
[TimeControl "180+1"]
[EndTime "15:44:49 PST"]
[Termination "Game drawn by stalemate"]

1. e4 c5 2. c3 Nf6 3. e5 Nd5 4. d4 cxd4 5. cxd4 d6 6. Bc4 dxe5 7. dxe5 Be6 8. Nc3 Nxc3 9. Qxd8+ Kxd8 10. Bxe6 fxe6 11.
bxc3 Nc6 12. Nf3 g6 13. Bf4 h6 14. h4 Bg7 15. O-O Rf8 16. Bg3 Kc7 17. Rfd1 Rad8 18. Nd4 Nxd4 19. cxd4 Rd5 20. f3 Kb8 21. Bf2 Rfd8 22.
Rdc1 Rb5 23. Rc2 Rc8 24. Rac1 Rxc2 25. Rxc2 h5 26. Be3 Rd5 27. g4 b5 28. gxh5 gxh5 29.
Rg2 Bf8 30. Rg8 Rd8 31. Rg6 Kb7 32. Rxe6 a5 33. Kf2 b4 34. Ke2 a4 35. Kd3 Ra8 36. d5 b3 37. a3 Ra6 38. Rxa6 Kxa6 39. f4 e6 40. d6 Kb7 41. Bc1 Kc6 42. Kc4 Bh6 43.
Kc3 Kd7 44. Be3 Kc6 45. Kd3 Kd7 46. Bc1 Kc6 47. Ke4 Kd7 48. Bb2 Kc6 49. f5 exf5+ 50. Kxf5 Be3 51. Ke6 Bf2 52. Kf5 Bxh4 53. Kg6 Bf2 54.
Kxh5 Bc5 55. Kg6 Bxd6 56. exd6 Kxd6 57. Kf5 Kd5 58. Kf4 Kc4 59. Ke4 Kb5 60. Kd5 Ka6 61. Kc4 Kb7 62. Kb4 Ka8 63. Kxa4 Kb8 64. Kb5 Ka8 65.
a4 Kb8 66. a5 Ka8 67. Ka6 Kb8 68. Kb6 Ka8 69. Kb5 Kb7 70. Bd4 b2 71. Bxb2 Ka8 72.
Ka6 Kb8 73. Bc1 Ka8 74. Be3 Kb8 75. Ba7+ Ka8 76. Kb6 1/2-1/2

[Event "Late-Titled-Tuesday-Blitz-February-27-2024"]
[Site "Chess.com"]
[Date "2024.02.27"]
[Round "9"]
[White "ATM622"]
[Black "Kgutierrez95"]
[Result "1-0"]
[WhiteElo "2526"]
[BlackElo "2235"]
[TimeControl "180+1"]
[EndTime "15:44:51 PST"]
[Termination "ATM622 won on time"]

1. d4 Nf6 2. c4 e6 3. g3 d5 4. Bg2 c6 5. Nd2 Bb4 6. Qc2 O-O 7. Nf3 Ne4 8. O-O f5 9. Ne5 Nd7 10. Ndf3 Ndf6 11. a3 Bd6 12. b4 Bd7 13. Rb1 Be8 14. Ng5 Qe7 15. f3 Nxg5 16. Bxg5 h6 17. Bd2 g5 18. f4 Ne4 19. Bxe4 fxe4 20. fxg5 Bxe5 21. Rxf8+ Kxf8 22. Rf1+ Kg8 23. dxe5 hxg5 24. Qc1 Bg6 25. Bxg5 Qg7 26. Bf6 Qh7 27. Qg5 Qh5 28. Qxh5 Bxh5 29.
cxd5 exd5 30. Kf2 Kf7 31. Ke3 Ke6 32. h3 b6 33. g4 Bg6 34. h4 c5 35. bxc5 bxc5 36.
Bg7 d4+ 37. Kd2 Kd5 38. Rf6 Bh7 39. Rd6+ Kc4 40. e3 Rb8 41. e6 Rb2+ 42. Kc1 Rb7 43.
Rd7 Rb6 44. e7 Re6 45. exd4 e3 46. Kd1 Bc2+ 47. Ke1 cxd4 48. Rxd4+ Kb3 49. Rd7 Kxa3 50. Rxa7+ Kb4 51. Rc7 Ba4 52. h5 Bb5 53. Rb7 Kc5 54. Bd4+ 1-0

[Event "Late-Titled-Tuesday-Blitz-February-27-2024"]
[Site "Chess.com"]
[Date "2024.02.27"]
[Round "9"]
[White "DryCounty"]
[Black "Sjakkerntobi"]
[Result "0-1"]
[WhiteElo "2637"]
[BlackElo "2467"]
[TimeControl "180+1"]
[EndTime "15:44:51 PST"]
[Termination "Sjakkerntobi won on time"]

1. e4 e6 2. d4 d5 3. exd5 exd5 4.
Nf3 Nf6 5. Bd3 c5 6. dxc5 Bxc5 7. O-O O-O 8. Nc3 Nc6 9. h3 h6 10. Bf4 a6 11. a3 Re8 12. Qd2 Be6 13. Rfe1 Rc8 14. Rad1 Bf8 15. Ne5 Nxe5 16. Bxe5 Nd7 17. Bd4 Nc5 18. Be2 Ne4 19. Nxe4 dxe4 20. c3 Qh4 21. Qe3 Be7 22. Bf1 f5 23. Qg3 Qxg3 24. fxg3 Bb3 25. Rd2 Bg5 26. Rf2 g6 27. Kh2 e3 28.
Rf3 Bd5 29. h4 Bxf3 30. gxf3 e2 31. Rxe2 Rxe2+ 32. Bxe2 Bc1 33. c4 Rd8 34. Bc3 Bd2 35. Be5 Be3 36. Kh3 Bd4 37. Bc7 Rd7 38. Bf4 Bxb2 39.
a4 Kg7 40. g4 fxg4+ 41. fxg4 Re7 42. Bf3 b6 43. Bd6 Re3 44. Kg2 Bd4 45. Bd5 a5 46.
Bc7 Bc5 47. Bd8 Ra3 48. g5 hxg5 49. hxg5 Rxa4 50. Bf6+ Kh7 51. Kf3 Ra3+ 52. Ke4 Bf8 53. Bc6 Bg7 54. Be7 Ra1 55. Kd5 Rd1+ 56. Ke6 Kg8 57.
Bd5 Kh7 58. Kd7 a4 59. Ke8 a3 0-1

[Event "Late-Titled-Tuesday-Blitz-February-27-2024"]
[Site "Chess.com"]
[Date "2024.02.27"]
[Round "9"]
[White "FabianoCaruana"]
[Black "TanitoluwaAps116"]
[Result "1-0"]
[WhiteElo "3055"]
[BlackElo "2896"]
[TimeControl "180+1"]
[EndTime "15:44:52 PST"]
[Termination "FabianoCaruana won by checkmate"]

1. c4 e5 2. Nc3 Nc6 3. g3 g6 4. Bg2 d6 5. e4 Be6 6. d3 h5 7. h3 h4 8. g4 f5 9. exf5 gxf5 10.
Nf3 fxg4 11. Ng5 Bd7 12. Be4 Nge7 13. hxg4 Bg7 14. Be3 Nd4 15. Qd2 Bxg4 16. f3 Bh5 17. O-O-O Qd7 18. Rxh4 O-O-O 19. Bxd4 exd4 20. Nd5 Rdf8 21. Nh7 Rxh7 22. Bxh7 Nxd5 23. cxd5 Bxf3 24. Rf1 Bxd5 25.
Rxf8+ Bxf8 26. Qf4 Qe7 27. Be4 Bxe4 28. Qxe4 c6 29.
Qxe7 Bxe7 30. Rxd4 Kc7 31. Rg4 Bf6 32. Kc2 b5 33. d4 Kb6 34. b3 a5 35. Kd3 d5 36. Rg6 Be7 37. Ke3 Ba3 38. Kf4 Bb2 39. Ke5 a4 40. Rg2 a3 41. Rg4 c5 42. Kxd5 Bxd4 43.
b4 Be3 44. Rg6+ Kc7 45. bxc5 b4 46. Kc4 Bd2 47. Rb6 Bc3 48. Rxb4 Bxb4 49. Kxb4 Kc6 50. Kc4 Kb7 51. Kb5 Kc7 52. Kc4 Kc6 53. Kd4 Kd7 54.
Kd5 Kc7 55. Ke4 Kc6 56. Kd4 Kd7 57. Kc3 Kc6 58. Kc4 Kc7 59. Kc3 Kc6 60. Kb4 Kb7 61.
Kxa3 Kc6 62. Kb4 Kc7 63. Kb5 Kb7 64. c6+ Kc7 65. Kc5 Kc8 66. Kd6 Kd8 67. c7+ Kc8 68.
a4 Kb7 69. Kd7 Kb6 70. c8=Q Ka5 71. Qc4 Kb6 72. Qb5+ Ka7 73. Kc8 Ka8 74. Qa6# 1-0

[Event "Late-Titled-Tuesday-Blitz-February-27-2024"]
[Site "Chess.com"]
[Date "2024.02.27"]
[Round "9"]
[White "EvilMorty23"]
[Black "chess94cu"]
[Result "1-0"]
[WhiteElo "2596"]
[BlackElo "2692"]
[TimeControl "180+1"]
[EndTime "15:44:52 PST"]
[Termination "EvilMorty23 won on time"]

1. e4 c6 2. d4 d5 3. e5 Bf5 4. h4 h5 5. c4 e6 6. Nc3 Bb4 7. Ne2 Ne7 8. Bg5 dxc4 9. Ng3 Qa5 10. Qd2 Nd5 11. Rc1 Bg6 12. Bxc4 Nd7 13. O-O O-O 14.
Be2 f6 15. exf6 N7xf6 16. Bxf6 Nxf6 17. Qg5 Qxg5 18. hxg5 h4 19. gxf6 hxg3 20. fxg7 gxf2+ 21. Rxf2 Rxf2 22. Kxf2 Kxg7 23. Bc4 Rf8+ 24. Ke2 Bh5+ 25. Ke3 Be7 26. Rf1 Bg5+ 27. Ke4 Bg6+ 28. Ke5 Bf6+ 29. Kd6 Rd8+ 30. Kc7 Rxd4 31. Bxe6 Rd2 32. Na4 b5 33. Nc5 Rxb2 34. Kxc6 b4 35. Bb3 a5 36. Kb5 Bc3 37.
Ne6+ Kg8 38. Kxa5 Bf7 39. g4 Rd2 40. g5 Rd6 41. Nc7 Bxb3 42. axb3 Rc6 43. Nb5 Rc5 44. Rg1 Kg7 45. Kb6 Rf5 46. Rg3 Be5 47. Rg4 Kg6 48. Rxb4 Kxg5 49. Rc4 Kf6 50. Nc7 Bxc7+ 51. Rxc7 Ke6 52.
b4 Kd6 53. Rc1 Rf6 54. Rd1+ Ke7+ 55. Kc7 Rf5 56. Rd4 Rb5 57. Kc6 Rb8 58. b5 Rd8 59. Rxd8 Kxd8 60. Kb7 Kd7 61. b6 Kd6 62. Ka7 Kc6 63.
b7 1-0

[Event "Late-Titled-Tuesday-Blitz-February-27-2024"]
[Site "Chess.com"]
[Date "2024.02.27"]
[Round "9"]
[White "mishanick"]
[Black "temus_galaktionov"]
[Result "1-0"]
[WhiteElo "3066"]
[BlackElo "2911"]
[TimeControl "180+1"]
[EndTime "15:44:53 PST"]
[Termination "mishanick won on time"]

1. d4 c6 2. c4 g6 3. Nf3 Bg7 4. Nc3 d6 5. e4 Nd7 6. Be2 e5 7. d5 c5 8. Be3 Ngf6 9. Nd2 a6 10. a3 O-O 11. b4 b6 12. h4 h5 13. f3 Nh7 14. g4 Bf6 15. Bf2 Be7 16. Nf1 Ndf6 17. Ne3 Kh8 18. Kd2 Bd7 19. Qb3 Qc8 20. Rhg1 Rb8 21. Rab1 Qc7 22. Rb2 Rfc8 23. Rc2 Qd8 24. Bg3 b5 25. g5 Ne8 26. cxb5 axb5 27. bxc5 Rxc5 28. Na2 f6 29. gxf6 Bxf6 30. Nb4 Rxc2+ 31. Nexc2 Bxh4 32. Bxh4 Qxh4 33. Rxg6 Nef6 34. Nc6 Rg8 35. Rxg8+ Nxg8 36. Qe3 Qg3 37. Bxb5 h4 38. Ke2 h3 39. Qf2 Qf4 40. Ne3 Ng5 41. Nf1 Nxf3 42. Bd3 Bg4 43. Qg3 Nd4+ 44. Ke1 Qxg3+ 45. Nxg3 h2 46. Nxd4 exd4 47.
Kf2 Ne7 48. a4 Bh3 49. a5 Nc8 50. a6 Kg7 51. e5 dxe5 52. d6 Kf6 53. Be4 Ke6 54.
Bb7 Na7 55. Ne4 1-0

[Event "Late-Titled-Tuesday-Blitz-February-27-2024"]
[Site "Chess.com"]
[Date "2024.02.27"]
[Round "9"]
[White "cthake"]
[Black "lluiss"]
[Result "1/2-1/2"]
[WhiteElo "1836"]
[BlackElo "2127"]
[TimeControl "180+1"]
[EndTime "15:44:53 PST"]
[Termination "Game drawn - insufficient material"]

1. e4 e6 2. d4 d5 3. Nc3 Nf6 4. Bg5 Be7 5. e5 Nfd7 6. Bxe7 Qxe7 7. f4 g6 8. Nf3 h5 9. Nb5 Nb6 10. a4 a6 11. Nc3 Nc6 12. a5 Nd7 13. Be2 Nb4 14. O-O c5 15. Kh1 Kf8 16. Na2 Nc6 17. Qd2 Kg7 18. Nc1 cxd4 19. Nxd4 Nc5 20. Bf3 Bd7 21. c3 Rac8 22. Nd3 Nxd4 23. Nxc5 Nxf3 24. Nxe6+ Bxe6 25. Rxf3 Rcd8 26. Qd4 Bf5 27. Re1 Be4 28. e6+ f6 29. Rg3 h4 30. Rge3 h3 31.
Rg3 hxg2+ 32. Kg1 Rh6 33. c4 Qd6 34. cxd5 Bxd5 35. e7 Re8 36. f5 Rxe7 37. Rxe7+ Qxe7 38. Qxd5 Qe1+ 39. Kxg2 Qe2+ 40. Kg1 Qxh2+ 41. Kf1 Qh1+ 42. Qxh1 Rxh1+ 43. Kg2 Rb1 44. Rxg6+ Kf7 45. Rh6 Rxb2+ 46. Kf3 Rb5 47. Ke4 Re5+ 48. Kf4 Rb5 49. Ke4 Ke7 50.
Rh7+ Kd6 51. Rf7 Rxa5 52. Rxf6+ Kc7 53. Rf7+ Kc6 54. f6 Ra1 55. Rg7 Re1+ 56. Kf5 Rf1+ 57.
Kg6 a5 58. f7 Kb5 59. Rg8 a4 60. f8=Q Rxf8 61. Rxf8 Kb4 62. Rb8 b5 63. Kf5 a3 64.
Ke4 a2 65. Ra8 Kb3 66. Kd4 b4 67. Kc5 Kb2 68. Kxb4 a1=Q 69. Rxa1 Kxa1 1/2-1/2

[Event "Late-Titled-Tuesday-Blitz-February-27-2024"]
[Site "Chess.com"]
[Date "2024.02.27"]
[Round "9"]
[White "Eloist"]
[Black "Fjal"]
[Result "0-1"]
[WhiteElo "2432"]
[BlackElo "2309"]
[TimeControl "180+1"]
[EndTime "15:44:55 PST"]
[Termination "Fjal won by resignation"]

1. e4 d6 2. d4 Nf6 3. Nc3 g6 4. Nf3 Bg7 5. Be2 O-O 6. O-O a6 7. a4 b6 8. e5 dxe5 9. Nxe5 Bb7 10. Bf3 Nd5 11. Nxd5 Bxd5 12. Bxd5 Qxd5 13. c4 Qe6 14. Re1 Nd7 15. d5 Qd6 16. Nc6 Rfe8 17. Qf3 Ne5 18. Nxe5 Bxe5 19. Qe2 Bxh2+ 20. Kh1 Bf4 21. Bxf4 Qxf4 22.
g3 Qf6 23. Rad1 e6 24. d6 cxd6 25. Rxd6 Rab8 26. Red1 h5 27. R1d4 Qf5 28. Kg2 b5 29.
cxb5 axb5 30. a5 e5 31. R4d5 b4 32. a6 h4 33. a7 Ra8 34. Rd7 h3+ 35. Kh2 Kg7 36. f3 b3 37. Qe4 Rec8 38. Qxf5 gxf5 39. Kxh3 Rc2 40. Rd2 Rxd2 41. Rxd2 Rxa7 42. Rd3 Rb7 43. g4 f4 44. g5 Kg6 45. Kg4 Rb6 46. Rd5 f6 47.
gxf6 Kxf6 48. Rd8 Ke6 49. Kg5 Rd6 50. Rb8 Rd3 51. Rb6+ Kd5 52. Kf5 Rxf3 53. Rb5+ Kd4 54. Rxe5 Rf2 55. Re4+ Kd3 56. Ke5 Kc2 57. Rc4+ Kxb2 58.
Ke4 Kb1 59. Rc3 b2 60. Kd3 Ka2 61. Rc2 Rxc2 62. Kxc2 b1=Q+ 0-1

[Event "Late-Titled-Tuesday-Blitz-February-27-2024"]
[Site "Chess.com"]
[Date "2024.02.27"]
[Round "9"]
[White "Tugrik1969"]
[Black "morte-negra"]
[Result "1-0"]
[WhiteElo "2390"]
[BlackElo "2058"]
[TimeControl "180+1"]
[EndTime "15:44:58 PST"]
[Termination "Tugrik1969 won by resignation"]

1. d4 Nf6 2. c4 g6 3. Nc3 Bg7 4. e4 d6 5. Nf3 O-O 6. Be2 c5 7. d5 e6 8. O-O exd5 9. cxd5 a6 10. a4 Nbd7 11. h3 Re8 12. Bd3 Qc7 13. Re1 Rb8 14.
a5 c4 15. Bf1 b5 16. axb6 Nxb6 17. Nd4 Nbd7 18. Nc6 Rb6 19. Bxc4 Bb7 20. Na5 Rb4 21. Bd3 Nc5 22. Nxb7 Qxb7 23. f3 Rd4 24. Be3 Rxd3 25. Qe2 Nxd5 26. Nxd5 Qxd5 27. exd5 Rdxe3 28. Qxe3 Bd4 29. Ra3 Bxe3+ 30. Raxe3 Rb8 31. Re8+ Rxe8 32. Rxe8+ Kg7 33. Rd8 Na4 34. b3 Nc3 35. Rxd6 a5 36. Ra6 Nxd5 37.
Rxa5 Nc3 38. b4 Kf6 39. b5 Ke7 40. b6 Kd6 41. Ra7 Kc6 42. Rxf7 h5 43. Rf6+ Kb7 44.
Rxg6 Ne2+ 45. Kf2 Nf4 46. Rh6 Nd3+ 47. Kg3 Nc5 48. Kh4 Nd7 49. Rh7 Kc6 50. Rxd7 Kxd7 51. Kxh5 Kc6 52. g4 Kxb6 53. g5 Kc6 54. g6 Kd6 55. g7 Ke6 56. g8=Q+ Ke7 57. Qg6 Kf8 58. Kg5 1-0

[Event "Late-Titled-Tuesday-Blitz-February-27-2024"]
[Site "Chess.com"]
[Date "2024.02.27"]
[Round "9"]
[White "lagedema"]
[Black "DonMicheleCorleone"]
[Result "1/2-1/2"]
[WhiteElo "2426"]
[BlackElo "2519"]
[TimeControl "180+1"]
[EndTime "15:45:00 PST"]
[Termination "Game drawn by repetition"]

1. d4 d5 2. Bf4 Bf5 3. e3 e6 4. c4 Bxb1 5. Rxb1 Bb4+ 6. Ke2 Bd6 7. Bg3 Nf6 8. Qc2 O-O 9. Nf3 Ne4 10. c5 Bxg3 11.
hxg3 c6 12. Nd2 f5 13. Nf3 Nd7 14. Ke1 Qa5+ 15. b4 Qd8 16. Bd3 Ndf6 17. Ne5 Nd7 18. Nxd7 Qxd7 19. b5 Qd8 20. Ke2 Qa5 21. Bxe4 fxe4 22. f3 Rf5 23. f4 cxb5 24. g4 Rf7 25.
g5 a6 26. Rh3 g6 27. Rbh1 Rc8 28. Qb3 Rc6 29. g4 b6 30. f5 bxc5 31. fxg6 Rg7 32. gxh7+ Kh8 33. Rf1 Qd8 34. dxc5 Rxc5 35. Qb2 Qc8 36.
Kd2 d4 37. exd4 Rcxg5 38. d5 Rxd5+ 39. Ke1 e5 40. Qb4 Rc5 41. Qxe4 Rc1+ 42. Kf2 Rf7+ 43.
Rf3 Qc5+ 44. Kg2 Rxf1 45. Rxf1 Rxf1 46. Kxf1 Qc1+ 47. Kg2 Qf4 48. Qg6 Qd2+ 49. Kg3 Qd8 50. g5 Qf8 51. Kg4 Qf4+ 52. Kh3 Qf3+ 53. Kh2 Qf2+ 54.
Kh1 Qf1+ 55. Kh2 Qf2+ 56. Kh3 Qf3+ 57. Kh2 Qf2+ 1/2-1/2

[Event "Late-Titled-Tuesday-Blitz-February-27-2024"]
[Site "Chess.com"]
[Date "2024.02.27"]
[Round "9"]
[White "Oleksandr_Bortnyk"]
[Black "Zhigalko_Sergei"]
[Result "0-1"]
[WhiteElo "3035"]
[BlackElo "2909"]
[TimeControl "180+1"]
[EndTime "15:45:01 PST"]
[Termination "Zhigalko_Sergei won on time"]

1. e4 c5 2. Nf3 d6 3. c3 Nf6 4.
h3 g6 5. Bd3 Bg7 6. Bc2 O-O 7.
d4 cxd4 8. cxd4 d5 9. e5 Ne4 10.
O-O Nc6 11. Nc3 Bf5 12. Ne2 f6 13. exf6 Bxf6 14. Be3 Rc8 15. Nf4 Na5 16. Bd3 Nc4 17. Qe2 Qd6 18. g4 Bd7 19. Rfe1 Bg7 20. Ng2 h5 21. Bxe4 dxe4 22. Ng5 hxg4 23. hxg4 Qd5 24. Nh3 e5 25. b3 exd4 26. bxc4 Rxc4 27. Bf4 d3 28.
Qd2 Rc2 29. Ne3 Rxd2 30. Nxd5 Rc2 31. Rad1 Ba4 32. Rxe4 Rxa2 33. Rf1 Bc2 34. Ne3 d2 35. Re7 Bb3 36. Rd7 Bc3 37. Ng5 Rxf4 38. Rd3 Rf8 39. Rxc3 Ba4 40. Rd3 Bb5 41. Rd4 Bxf1 42.
Nxf1 d1=Q 43. Rxd1 Rfxf2 44. Ne3 Rfe2 45. Nf1 Rg2+ 46.
Kh1 Rgf2 47. Ne4 Rf4 48. Re1 Kg7 49. g5 Rh4+ 50. Kg1 Rg4+ 51. Nfg3 a5 52. Rc1 b5 53.
Rc7+ Kf8 54. Kf1 a4 55. Rb7 a3 56. Rb8+ Ke7 57. Rb7+ Kd8 58. Rb8+ Kc7 59. Rxb5 Rb2 60. Ra5 a2 0-1

[Event "Late-Titled-Tuesday-Blitz-February-27-2024"]
[Site "Chess.com"]
[Date "2024.02.27"]
[Round "9"]
[White "Fonsofan"]
[Black "Fh2411"]
[Result "0-1"]
[WhiteElo "2748"]
[BlackElo "2637"]
[TimeControl "180+1"]
[EndTime "15:45:02 PST"]
[Termination "Fh2411 won on time"]

1. b4 d5 2. Bb2 Bf5 3. e3 e6 4. Nf3 Nf6 5. b5 Be7 6. c4 O-O 7. Be2 Nbd7 8. Nh4 Bg6 9. Nxg6 hxg6 10. O-O Nc5 11. d4 Nce4 12. a4 c5 13. bxc6 bxc6 14. c5 a5 15. f3 Ng5 16. Bc3 Qb8 17. Nd2 Bd8 18. Rb1 Qa7 19. Rb2 Bc7 20. Qc2 Rfb8 21. Rfb1 Nd7 22. Rxb8+ Rxb8 23. Rxb8+ Qxb8 24. Nb3 Bxh2+ 25. Kf1 e5 26. Nxa5 Qc7 27. Qb2 exd4 28. exd4 Nf6 29. Bd2 Ne6 30. Qb7 Nxd4 31. Qxc7 Bxc7 32. Nb7 Nd7 33.
a5 Nxe2 34. Kxe2 Nb8 35. Kd3 Kf8 36. Nd6 Bxd6 37. cxd6 Ke8 38. Bf4 Na6 39. g4 Kd7 40. Kd4 Ke6 41. Bg3 c5+ 42. Kd3 Kd7 43. Bh2 Kc6 44.
Bg3 Nb8 45. g5 f6 46. f4 Kb5 47. gxf6 gxf6 48. Bf2 Nd7 49. Be1 Nb8 50. Bf2 Kc6 51. Bg3 f5 52. Bh4 Kxd6 53. Bd8 Kc6 54. Bb6 Na6 55.
Kc3 Kb5 56. Bd8 Nb4 57. Kb3 d4 58. Be7 c4+ 59. Kb2 Nc6 60. Bd6 Kxa5 0-1

[Event "Late-Titled-Tuesday-Blitz-February-27-2024"]
[Site "Chess.com"]
[Date "2024.02.27"]
[Round "9"]
[White "Fandorine"]
[Black "vi_pranav"]
[Result "1-0"]
[WhiteElo "2930"]
[BlackElo "3089"]
[TimeControl "180+1"]
[EndTime "15:45:05 PST"]
[Termination "Fandorine won by resignation"]

1. d4 f5 2. Bg5 g6 3. Nc3 Bg7 4. f3 Nc6 5. e3 Nf6 6. Qd2 e6 7. O-O-O d6 8. Nge2 O-O 9. h4 Ne7 10. h5 Nxh5 11. g4 Nf6 12. Nf4 Rf7 13. Qh2 Qf8 14.
Be2 Bd7 15. Kb1 h6 16. Bxh6 Bxh6 17. g5 Nh7 18. gxh6 Kh8 19. a3 Rf6 20. Nd3 g5 21.
e4 f4 22. e5 Rg6 23. exd6 cxd6 24. Ne4 Nf5 25. Rdg1 Nxd4 26. Nxf4 Qxf4 27. Qxf4 gxf4 28. Rxg6 Nxe2 29. Nxd6 Rf8 30. Rg7 Be8 31. Rxb7 Bg6 32. Rh2 Nd4 33. Rg2 Bh5 34. Rgg7 Nf6 35. Nf7+ Bxf7 36.
Rbxf7 Rxf7 37. Rxf7 Nd5 38. c4 Ne3 39. Rxf4 Ndf5 40. Re4 Kh7 41. b3 Kxh6 42. Rxe6+ Kg5 43. Ra6 Nd4 44. Ka2 Kf4 45. Rxa7 Kxf3 46. Rd7 Ke4 47. a4 Nec2 48. a5 Nb4+ 49. Ka3 Na6 50. Rd5 Nc2+ 51.
Ka4 Ne3 52. Rb5 Kd4 53. Rb6 Nc5+ 54. Kb4 Nd3+ 55. Kb5 Nc2 56. Rd6+ Kc3 57. Rxd3+ Kxd3 58. a6 Nd4+ 59. Kb6 1-0

[Event "Late-Titled-Tuesday-Blitz-February-27-2024"]
[Site "Chess.com"]
[Date "2024.02.27"]
[Round "9"]
[White "Seochesspie"]
[Black "sotochess"]
[Result "1-0"]
[WhiteElo "2880"]
[BlackElo "2651"]
[TimeControl "180+1"]
[EndTime "15:45:06 PST"]
[Termination "Seochesspie won by resignation"]

1. e4 d5 2. exd5 Qxd5 3. Nc3 Qa5 4. d4 c6 5. Nf3 Nf6 6. Ne5 Be6 7. Bd3 Nbd7 8. Nc4 Bxc4 9. Bxc4 e6 10. O-O Be7 11.
Qe2 O-O 12. Ne4 Qb6 13. c3 c5 14. dxc5 Nxc5 15. Nxf6+ Bxf6 16. Be3 Qc7 17. a4 Rfd8 18.
g3 Nd7 19. Bd3 Nc5 20. Bc2 Rac8 21. Rfd1 b6 22. Qb5 Nb7 23. Bf4 Qe7 24. Qa6 Nc5 25. Qb5 Nb7 26. Rac1 Nd6 27. Qa6 Nc4 28. Rxd8+ Qxd8 29. Rd1 Qe8 30. Bd3 Nxb2 31. Bb5 Qf8 32. Bd6 Qd8 33. Rd2 Bxc3 34. Be7 Bxd2 35. Bxd8 Rxd8 36.
Qxa7 Ba5 37. Qc7 Rd1+ 38. Kg2 Kf8 39. Qc8+ Ke7 40. Qg8 Rd2 41. Qxg7 Nd1 42. Qxh7 Rxf2+ 43. Kg1 Rd2 44. Qh4+ Kf8 45. Qh8+ Ke7 46. Qe8+ Kf6 47. Qh8+ Ke7 48. Qe5 Rd5 49. Qc7+ Kf6 50. Be2 Nc3 51. Bf3 Rd2 52. Qf4+ Ke7 53. Qxd2 Nd5 54. Qg2 Ne3 55. Qe2 Nf5 56. Bg4 Nd4 57. Qd3 Bb4 58. Qxd4 Bc5 59.
Qxc5+ bxc5 60. Be2 1-0

[Event "Late-Titled-Tuesday-Blitz-February-27-2024"]
[Site "Chess.com"]
[Date "2024.02.27"]
[Round "9"]
[White "MKlose11"]
[Black "GoltsevDmitry2000"]
[Result "1-0"]
[WhiteElo "2634"]
[BlackElo "2745"]
[TimeControl "180+1"]
[EndTime "15:45:07 PST"]
[Termination "MKlose11 won by checkmate"]

1. e4 e6 2. d4 d5 3. Nc3 c5 4. exd5 exd5 5. Bb5+ Nc6 6. Nf3 Nf6 7. O-O Be7 8. dxc5 Bxc5 9. Re1+ Be6 10. Be3 Bxe3 11.
Rxe3 O-O 12. Nd4 Bd7 13. h3 Qb6 14. Bxc6 bxc6 15. b3 Rfe8 16. Rxe8+ Rxe8 17. Nf3 Ne4 18. Nxe4 Rxe4 19. Qd2 Bf5 20. c3 h6 21. Re1 Qa5 22.
Rxe4 Bxe4 23. Nd4 c5 24. b4 Qb6 25. bxc5 Qxc5 26. f3 Bg6 27. Qe3 Qa3 28. Qd2 Bb1 29. Qe3 Kh7 30. Nb5 Qxa2 31. Nxa7 Qa6 32. Qc5 Bd3 33. Nc6 Bc4 34. Ne5 Qa1+ 35. Kh2 Qxc3 36. Nxf7 Qd2 37. Qd6 Bf1 38. Qg3 Bd3 39. Nd6 Bg6 40.
h4 d4 41. Nc4 Qc2 42. Ne5 Qf5 43. Nxg6 Qxg6 44. Qe5 d3 45. Qd4 Qf5 46. Kg1 Kg8 47. Kf2 Kh7 48. Qe4 Kg6 49. g4 Qxe4 50. fxe4 Kf6 51.
Ke3 Ke5 52. Kxd3 Kf4 53. Kd4 Kxg4 54. e5 Kf5 55. Kd5 g5 56. hxg5 hxg5 57. e6 g4 58. e7 Kf4 59. e8=Q Kf3 60. Qe4+ Kg3 61. Ke5 Kh3 62. Kf4 g3 63. Qf3 Kh2 64. Qxg3+ Kh1 65. Qg4 Kh2 66. Kf3 Kh1 67. Qg2# 1-0

[Event "Late-Titled-Tuesday-Blitz-February-27-2024"]
[Site "Chess.com"]
[Date "2024.02.27"]
[Round "9"]
[White "Alex_Sahakyan2006"]
[Black "Andreikka"]
[Result "0-1"]
[WhiteElo "2817"]
[BlackElo "2959"]
[TimeControl "180+1"]
[EndTime "15:45:10 PST"]
[Termination "Andreikka won by resignation"]

1. e4 e5 2. Nf3 Nc6 3. Nc3 Nf6 4.
d4 Bb4 5. Nxe5 Qe7 6. Nxc6 Qxe4+ 7. Be2 Qxc6 8. O-O Bxc3 9. Bf3 d5 10. bxc3 O-O 11.
Qd3 Bg4 12. Bxg4 Nxg4 13. Bg5 h6 14. Bh4 g5 15. Bg3 Nf6 16. f3 Rae8 17. Be5 Nh5 18. Rae1 Re6 19. h4 Qe8 20. hxg5 hxg5 21. Qd2 Qe7 22. f4 gxf4 23. Bxf4 c6 24. Be5 f6 25. Qh6 Qh7 26. Qxh7+ Kxh7 27. Bh2 Rfe8 28. Rxe6 Rxe6 29. Kf2 Kg6 30. Rb1 Re7 31. Bb8 a6 32. g4 Ng7 33.
Rh1 Ne6 34. Rh8 Ng5 35. c4 Ne4+ 36. Kf3 Nd2+ 37. Kf2 Nxc4 38. Bf4 Re4 39. Kf3 Rxd4 40. Rb8 b6 41. Rc8 Na5 42. Be3 Rb4 43. Rg8+ Kf7 44. Ra8 c5 45. Rxa6 Nc4 46. Bf4 Rb2 47. g5 fxg5 48. Bxg5 Rxc2 49. Kg4 Re2 50. Kf5 Re5+ 51. Kf4 Re4+ 52. Kf3 Ke8 53. Ra7 Re6 54. Bf4 d4 55.
Ra4 b5 56. Ra8+ Kd7 57. Ra7+ Kc6 58. Rc7+ Kb6 59. Rd7 b4 60. Rd8 Kb5 61. Rb8+ Rb6 62.
Rc8 Ra6 63. Ke4 Rxa2 64. Kd5 Nb6+ 0-1

[Event "Late-Titled-Tuesday-Blitz-February-27-2024"]
[Site "Chess.com"]
[Date "2024.02.27"]
[Round "9"]
[White "PepeCuenca"]
[Black "el008"]
[Result "1/2-1/2"]
[WhiteElo "2691"]
[BlackElo "2512"]
[TimeControl "180+1"]
[EndTime "15:45:14 PST"]
[Termination "Game drawn - insufficient material"]

1. d4 e6 2. c4 c5 3. d5 exd5 4. cxd5 d6 5. Nc3 Nf6 6. Nf3 g6 7. Bf4 Bg7 8. Qa4+ Bd7 9. Qb3 Qc7 10.
e4 O-O 11. Nd2 Nh5 12. Be3 a6 13. a4 f5 14. exf5 gxf5 15. Be2 f4 16. Bxc5 Qxc5 17. Bxh5 Bf5 18. O-O Nd7 19. Nde4 Qc7 20. Rac1 Qb8 21. Qb4 Be5 22. h3 Nf6 23. Nxf6+ Rxf6 24. Bg4 Bxg4 25.
hxg4 Rg6 26. Ne4 Kh8 27. g5 f3 28. g3 b6 29. Qb3 Qf8 30. Nd2 Rxg5 31. Nxf3 Rh5 32.
Nxe5 dxe5 33. Kg2 Qf6 34. Qe3 Rf8 35. Rh1 Rf5 36. Rcf1 Rf3 37. Qe2 e4 38. Qd2 e3 39.
Qc3 Qxc3 40. bxc3 e2 41. Re1 Rxf2+ 42. Kh3 b5 43. axb5 axb5 44. Rh2 Rxh2+ 45. Kxh2 Rd8 46. Rxe2 Rxd5 47. Re3 Rc5 48. Kg2 Kg7 49. Kf3 Kf6 50. Rd3 h5 51. Kf4 Rc4+ 52. Kf3 Rc5 53. Kf4 Rf5+ 54.
Ke4 Kg5 55. Kd4 Kg4 56. Re3 Rf3 57. Re5 Rxg3 58. Rxb5 h4 59. Rb8 Kh3 60. Rh8 Rg4+ 61. Kd5 Kg2 62. c4 h3 63. c5 h2 64. c6 Kg3 65.
Rxh2 Kxh2 66. c7 Rg8 67. Kd6 Kg3 68. Kd7 Kf4 69. c8=Q Rxc8 70. Kxc8 1/2-1/2